 Dungeon Crawl Stone Soup version 0.29-a0-284-gf9362112df (webtiles) character file.

Game seed: 18015709702159027007

974 epen the Archer (level 8, -3/63 HPs)
             Began as a Gnoll Hunter on Mar 14, 2022.
             Was a Believer of Dithmenos.
             Shot with an arrow by a centaur (12 damage)
             ... on level 5 of the Dungeon.
             The game lasted 00:05:14 (4206 turns).

epen the Archer (Gnoll Hunter)                      Turns: 4206, Time: 00:05:15

Health: -3/63      AC:  6    Str: 11    XL:     8   Next: 16%
Magic:  12/12      EV: 13    Int:  9    God:    Dithmenos [**....]
Gold:   199        SH:  0    Dex: 17    Spells: 13/13 levels left

rFire   . . .      SeeInvis .   a - +1 shortbow
rCold   . . .      Faith    .   (shield currently unavailable)
rNeg    . . .      Spirit   .   q - +0 ring mail
rPois   .          Reflect  .   j - +0 helmet
rElec   .          Harm     .   (no cloak)
rCorr   .          Rampage  .   (no gloves)
Will    .....                   (no boots)
Stlth   ++........              t - amulet of magic regeneration
HPRegen 0.20/turn               (no ring)
MPRegen 0.53/turn               (no ring)

@: wreathed by umbra
A: fangs 1, strong nose, distributed training
a: Renounce Religion, Shadow Step


You were on level 5 of the Dungeon.
You worshipped Dithmenos.
Dithmenos was pleased with you.
You visited 1 branch of the dungeon, and saw 5 of its levels.

You collected 199 gold pieces.

Inventory:

Hand Weapons
 a - a +1 shortbow (weapon)
 y - the +6 dagger "Totinlaiph" {speed, +Blink Str-2 Int-2 SInv}
   (You found it on level 4 of the Dungeon)

   Attacks with this weapon are significantly faster.
   Str:       It affects your strength (-2).
   Int:       It affects your intelligence (-2).
   SInv:      It lets you see invisible.
   +Blink:    It lets you blink.
Armour
 b - a +0 leather armour
 j - a +0 helmet (worn)
 q - a +0 ring mail (worn)
Jewellery
 t - an amulet of magic regeneration (around neck)
Wands
 s - a wand of iceblast (5)
 u - a wand of flame (3)
Scrolls
 c - 4 scrolls of immolation
 d - 2 scrolls of amnesia {unknown}
 e - 3 scrolls of teleportation {unknown}
 f - a scroll of vulnerability {unknown}
 h - a scroll of magic mapping {unknown}
 i - 5 scrolls of identify {unknown}
 k - a scroll of fog {unknown}
 p - a scroll of silence {unknown}
 r - a scroll of enchant weapon {unknown}
 v - a scroll of fear {unknown}
 w - a scroll of acquirement {unknown}
 x - a scroll of holy word {unknown}
Potions
 g - 2 potions of attraction
 l - a potion of curing {unknown}
 m - a potion of flight {unknown}
 n - a potion of lignification {unknown}
 o - a potion of invisibility {unknown}


   Skills:
 + Level 5.5 Fighting
 + Level 3.0 Short Blades
 + Level 3.0 Long Blades
 + Level 3.0 Axes
 + Level 3.0 Maces & Flails
 + Level 3.0 Polearms
 + Level 3.0 Staves
 + Level 3.0 Slings
 + Level 9.1 Bows
 + Level 3.0 Crossbows
 + Level 3.0 Throwing
 + Level 3.0 Armour
 + Level 5.5 Dodging
 + Level 3.9 Stealth
 + Level 3.0 Shields
 + Level 3.0 Unarmed Combat
 + Level 3.0 Spellcasting
 + Level 2.4 Conjurations
 + Level 2.4 Hexes
 + Level 2.4 Summonings
 + Level 2.4 Necromancy
 + Level 2.4 Translocations
 + Level 2.4 Transmutations
 + Level 2.4 Fire Magic
 + Level 2.4 Ice Magic
 + Level 2.4 Air Magic
 + Level 2.4 Earth Magic
 + Level 2.4 Poison Magic
 + Level 3.3 Invocations
 + Level 3.0 Evocations


You had 13 spell levels left.
You didn't know any spells.
Your spell library contained the following spells:

 Spells                   Type           Power      Damage    Failure   Level
 Pain                     Necr           20%        1d5       26%         1
 Ensorcelled Hibernation  Hex/Ice        10%        N/A       36%         2
 Passwall                 Tmut/Erth      4%         N/A       36%         2
 Swiftness                Air            5%         N/A       58%         3
 Airstrike                Air            2%         N/A       94%         4
 Animate Dead             Necr           2%         N/A       94%         4
 Summon Lightning Spire   Summ/Air       5%         N/A       94%         4
 Agony                    Necr           5%         N/A       100%        5
 Excruciating Wounds      Necr           2%         N/A       100%        5
 Lightning Bolt           Conj/Air       2%         1d14      100%        5
 Haunt                    Necr/Summ      2%         N/A       100%        7
 Infestation              Necr           2%         N/A       100%        8


Dungeon Overview and Level Annotations

Branches:
Dungeon (5/15)             Temple (0/1) D:4

Altars:
Cheibriados
Dithmenos
Ru
Xom


Innate Abilities, Weirdness & Mutations

You have very sharp teeth.
Your uncanny sense of smell can sniff out nearby items.
Your experience applies equally to all skills.


Message History

Shoot: a) +1 shortbow
Press: ? - help, Shift-Dir - straight line, f/p - scorpion
Aim: a scorpion (almost dead, umbra, 67% to hit)
You shoot an arrow. The arrow closely misses the scorpion.
The centaur shoots an arrow.
The arrow hits you. The scorpion stings you.
* * * LOW HITPOINT WARNING * * *
The centaur shoots an arrow.
The arrow closely misses you.
Shoot: a) +1 shortbow
Press: ? - help, Shift-Dir - straight line, f/p - scorpion
Aim: a scorpion (almost dead, umbra, 67% to hit)
You shoot an arrow. The arrow hits the scorpion.
You kill the scorpion!
Dithmenos accepts your kill.
The centaur shoots an arrow.
The arrow closely misses you.
Your Short Blades skill increases to level 3!
Your Long Blades skill increases to level 3!
Your Axes skill increases to level 3!
Your Maces & Flails skill increases to level 3!
Your Polearms skill increases to level 3!
Your Staves skill increases to level 3!
Your Slings skill increases to level 3!
Your Crossbows skill increases to level 3!
Your Throwing skill increases to level 3!
Your Armour skill increases to level 3!
Your Shields skill increases to level 3!
Your Unarmed Combat skill increases to level 3!
Your Spellcasting skill increases to level 3!
Your Evocations skill increases to level 3!
Shoot: a) +1 shortbow
Press: ? - help, Shift-Dir - straight line, f - centaur
Aim: a centaur, wielding a +0 shortbow (severely wounded, umbra, 76% to hit)
You shoot an arrow. The arrow barely misses the centaur.
The centaur shoots an arrow.
The arrow hits you!
* * * LOW HITPOINT WARNING * * *
The centaur shoots an arrow.
The arrow barely misses you.
Shoot: a) +1 shortbow
Press: ? - help, Shift-Dir - straight line, f/p - centaur
Aim: a centaur, wielding a +0 shortbow (severely wounded, umbra, 76% to hit)
You shoot an arrow. The arrow barely misses the centaur.
The centaur shoots an arrow.
The arrow hits you!
You die...

######## .......
#......# .......
#......# .......
#......##### ..>....
#.>....#.... .......
#......#.... .......
#......#.... .....c.###
#......#....
.......@.####...........
.......#...##.......##..
####....................
##.##....####.......#
.....^..........##..#
####.##...##........##
#.##.#.##.....#####
#..<.#..##..#.#....
##.#####.....#...##.


You could see a centaur.

Vanquished Creatures
  A sky beast (D:4)
  A bullfrog (D:4)
  3 scorpions
  2 necrophages
  3 crimson imps (D:5)
  3 hounds (D:5)
  A gnoll shaman (D:5)
  Jessica (D:2)
  2 iguanas (D:5)
  2 orc wizards
  4 adders
  5 gnolls (D:5)
  An ufetubus (D:5)
  A worm (D:3)
  3 dart slugs
  15 orcs
  4 endoplasms
  4 giant cockroaches
  8 goblins
  4 hobgoblins
  5 kobolds
  7 quokkas
  9 ball pythons
  4 bats
  5 frilled lizards
  2 rats
100 creatures vanquished.

Notes
Turn   | Place    | Note
-------+----------+-------------------------------------------
     0 | D:1      | epen the Gnoll Hunter began the quest for the Orb.
     0 | D:1      | Reached XP level 1. HP: 20/20 MP: 1/1
   174 | D:1      | Reached XP level 2. HP: 26/26 MP: 2/2
   192 | D:1      | Found a faded altar of an unknown god.
   912 | D:2      | Found a shadowy altar of Dithmenos.
   922 | D:2      | Became a worshipper of Dithmenos the Shadowed
   935 | D:2      | Reached XP level 3. HP: 29/31 MP: 3/3
  1153 | D:2      | Noticed Jessica
  1159 | D:2      | Reached skill level 1 in Invocations
  1160 | D:2      | Killed Jessica
  1161 | D:2      | Reached skill level 1 in Short Blades
  1161 | D:2      | Reached skill level 1 in Long Blades
  1161 | D:2      | Reached skill level 1 in Axes
  1161 | D:2      | Reached skill level 1 in Maces & Flails
  1161 | D:2      | Reached skill level 1 in Polearms
  1161 | D:2      | Reached skill level 1 in Staves
  1161 | D:2      | Reached skill level 1 in Slings
  1161 | D:2      | Reached skill level 1 in Crossbows
  1161 | D:2      | Reached skill level 1 in Throwing
  1161 | D:2      | Reached skill level 1 in Armour
  1161 | D:2      | Reached skill level 1 in Shields
  1161 | D:2      | Reached skill level 1 in Unarmed Combat
  1161 | D:2      | Reached skill level 1 in Spellcasting
  1161 | D:2      | Reached skill level 1 in Evocations
  1161 | D:2      | Reached XP level 4. HP: 34/38 MP: 5/5
  1366 | D:3      | Reached * piety under Dithmenos
  1387 | D:3      | Reached skill level 1 in Conjurations
  1387 | D:3      | Reached skill level 1 in Hexes
  1387 | D:3      | Reached skill level 1 in Summonings
  1387 | D:3      | Reached skill level 1 in Necromancy
  1387 | D:3      | Reached skill level 1 in Translocations
  1387 | D:3      | Reached skill level 1 in Transmutations
  1387 | D:3      | Reached skill level 1 in Fire Magic
  1387 | D:3      | Reached skill level 1 in Ice Magic
  1387 | D:3      | Reached skill level 1 in Air Magic
  1387 | D:3      | Reached skill level 1 in Earth Magic
  1387 | D:3      | Reached skill level 1 in Poison Magic
  1478 | D:3      | Found a snail-covered altar of Cheibriados.
  1626 | D:3      | Reached XP level 5. HP: 43/43 MP: 5/7
  2388 | D:4      | Found a staircase to the Ecumenical Temple.
  2478 | D:4      | Noticed a sky beast
  2491 | D:4      | Killed a sky beast
  2492 | D:4      | Reached XP level 6. HP: 28/50 MP: 8/8
  2643 | D:4      | Found a sacrificial altar of Ru.
  2738 | D:4      | Reached skill level 5 in Fighting
  2738 | D:4      | Reached skill level 5 in Dodging
  3065 | D:4      | Reached XP level 7. HP: 53/56 MP: 10/10
  3090 | D:4      | Identified the +6 dagger "Totinlaiph" {speed, +Blink Str-2
                  | Int-2 SInv}
  3146 | D:5      | Entered Level 5 of the Dungeon
  3288 | D:5      | Reached ** piety under Dithmenos
  3540 | D:5      | Reached skill level 9 in Bows
  3619 | D:5      | Found a shimmering altar of Xom.
  4026 | D:5      | Reached XP level 8. HP: 46/63 MP: 12/12
  4206 | D:5      | Shot with an arrow by a centaur

Illustrated notes

Levels and vault maps discovered:
D:1:      dpeg_arrival_signposts, layout_basic,
          ebering_ecumenical_altar_petrified, lemuel_old_faithful
D:2:      layout_rooms, basic_altar, kennysheep_jessica_study
D:3:      layout_basic, slow_altar_1
D:4:      layout_loops_ring, nicolae_ru_sacrificial_ziggurat,
          minmay_temple_entry_stoned_glass
D:5:      layout_rooms, led_xom_imps, trog_hazing_becter

Skill      XL: |  1  2  3  4  5  6  7  8 |
---------------+-------------------------+-----
Invocations    | 1 2 3 |  3.3
Short Blades   | 1 2 3 |  3.0
Long Blades    | 1 2 3 |  3.0
Axes           | 1 2 3 |  3.0
Maces & Flails | 1 2 3 |  3.0
Polearms       | 1 2 3 |  3.0
Staves         | 1 2 3 |  3.0
Slings         | 1 2 3 |  3.0
Crossbows      | 1 2 3 |  3.0
Throwing       | 1 2 3 |  3.0
Armour         | 1 2 3 |  3.0
Shields        | 1 2 3 |  3.0
Unarmed Combat | 1 2 3 |  3.0
Spellcasting   | 1 2 3 |  3.0
Evocations     | 1 2 3 |  3.0
Conjurations   | 1 2 |  2.4
Hexes          | 1 2 |  2.4
Summonings     | 1 2 |  2.4
Necromancy     | 1 2 |  2.4
Translocations | 1 2 |  2.4
Transmutations | 1 2 |  2.4
Fire Magic     | 1 2 |  2.4
Ice Magic      | 1 2 |  2.4
Air Magic      | 1 2 |  2.4
Earth Magic    | 1 2 |  2.4
Poison Magic   | 1 2 |  2.4
Stealth        | 3 |  3.9
Fighting       | 5 |  5.5
Dodging        | 5 |  5.5
Bows           | 9 |  9.1

Action                   |  1- 3 |  4- 6 |  7- 9 || total
-------------------------+-------+-------+-------++-------
 Fire: Shortbow          |    55 |   128 |   136 ||   319
  Use: Potion            |       |       |     3 ||     3
Armor: Ring mail         |       |     9 |    27 ||    36
Dodge: Dodged            |     6 |    23 |    74 ||   103

Table legend: (Time is in decaauts)
 A = Elapsed time spent in this place.
 B = Non-inter-level travel time spent in this place.
 C = Inter-level travel time spent in this place.
 D = Time resting spent in this place.
 E = Time spent auto-exploring this place.
 F = Levels seen in this place.
 G = Mean time per level.
                   A        B        C        D        E       F      G
               +--------+--------+--------+--------+--------+-----+--------+
         Total |   4250 |   4080 |    170 |    570 |   2809 |   5 |  850.0 |
       Dungeon |   4250 |   4080 |    170 |    570 |   2809 |   5 |  850.0 |
               +--------+--------+--------+--------+--------+-----+--------+

Top non-repeatable levels by time:
     D:4: 1201 daAuts
     D:3: 978 daAuts
     D:1: 822 daAuts
     D:5: 728 daAuts
     D:2: 519 daAuts
